 Dungeon Crawl Stone Soup version 0.18.1-50-g88ac8fd (webtiles) character file.

49 ololoev the Ruffian (level 3, -11/36 HPs)
             Began as a Troll Berserker on Oct 28, 2016.
             Was a Follower of Trog.
             Mangled by an ogre
             ... wielding a +0 giant spiked club
              (25 damage)
             ... on level 4 of the Dungeon.
             The game lasted 00:01:29 (292 turns).

ololoev the Ruffian (Troll Berserker)                Turns: 292, Time: 00:01:29

Health: -11/36     AC:  5    Str: 25    XL:     3   Next: 51%
Magic:  2/2        EV: 10    Int:  3    God:    Trog [*.....]
Gold:   17         SH:  0    Dex: 10    Spells: 0 memorised, 2 levels left

rFire  . . .     SeeInvis .       - Unarmed
rCold  . . .     Gourm    +     a - +0 animal skin
rNeg   . . .     Faith    .     (no shield)
rPois  .         Spirit   .     (helmet restricted)
rElec  .         Dismiss  .     (no cloak)
rCorr  .         Reflect  .     (gloves unavailable)
SustAt .         Harm     .     (boots unavailable)
MR     .....                    (no amulet)
Stlth  +.........               (no ring)
                                (no ring)

@: lethally poisoned (-11 -> -12), exhausted, slowed, very slow, not resistant
to hostile enchantments, very unstealthy
A: unfitting armour, claws 3, fast metabolism 3, gourmand, regeneration 2,
shaggy fur 1, tough skin 2
a: Berserk, Burn Spellbooks, Renounce Religion


Innate Abilities, Weirdness & Mutations

You are too large for most types of armour.
You have claws for hands.
Your metabolism is lightning-fast.
You like to eat raw meat.
You heal very quickly.
You are covered in fur (AC +1).
You have very tough skin (AC +2).

Inventory:

Armour
 a - a +0 animal skin (worn)
Scrolls
 c - 3 scrolls of identify {unknown}
 d - a scroll of enchant weapon {unknown}
Comestibles
 b - 2 bread rations


   Skills:
 + Level 2.7 Fighting
 + Level 0.6 Throwing
 + Level 2.8 Dodging
 * Level 3.8 Unarmed Combat


You had 2 spell levels left.
You didn't know any spells.


You were on level 4 of the Dungeon.
You worshipped Trog.
Trog was aware of your devotion.
You were hungry.

You visited 1 branch of the dungeon, and saw 4 of its levels.

You collected 17 gold pieces.

#...........
#...........
#.....Z....(
#...........
#..........
#.......Z..
##.##........
#O.# ##...... #
#@## ......
###.#)######)....
#..........#.....
#................
#........>..#...
###########.# #

Notes
Turn   | Place    | Note
--------------------------------------------------------------
     0 | D:1      | ololoev the Troll Berserker began the quest for the Orb.
     0 | D:1      | Reached XP level 1. HP: 22/22 MP: 0/0
   148 | D:2      | Reached XP level 2. HP: 25/29 MP: 1/1
   265 | D:4      | Reached XP level 3. HP: 19/36 MP: 2/2
   287 | D:4      | Noticed an ogre
   292 | D:4      | Mangled by an ogre

Dungeon Overview and Level Annotations

Branches:
Dungeon (4/15)
 Temple: D:4-7

Altars:


Message History

You feel sick. The orc hits you but does no damage.
The orc hits you with a mace.
The orc wizard hits you with a dagger of venom.
You are more poisoned.
You are too injured to fight recklessly!
You are too injured to fight recklessly!
You are too injured to fight recklessly!
You are too injured to fight recklessly!
You are too injured to fight recklessly!
You are too injured to fight recklessly!
You are too injured to fight recklessly!
You are too injured to fight recklessly!
You are too injured to fight recklessly!
You are too injured to fight recklessly!
Unknown command.
You feel sick.
You claw the orc!
You kill the orc!
Trog accepts your kill.
You feel sick.
You claw the orc!
The orc is almost dead.
You feel sick.
Use which ability? (? or * to list)
A red film seems to cover your vision as you go berserk!
You feel yourself moving faster!
You feel mighty!
You feel somewhat more hungry.
You feel sick.
You claw the orc wizard!
You kill the orc wizard!
Trog accepts your kill.
Trog appreciates your killing of a magic user.
You have reached level 3!
Your experience leads to an increase in your attributes!
Your base attributes are Str 24, Int 3, Dex 9.
Increase (S)trength, (I)ntelligence, or (D)exterity?
You feel agile.
You feel stronger.
You feel sick.
You mangle the orc!!
You kill the orc!
Trog accepts your kill.
You feel sick.
You mangle the adder skeleton!!
You destroy the adder skeleton!
You feel sick.
You claw the orc!
You kill the orc!
Trog accepts your kill.
You feel sick.
Items here: )))) [[[[
Okay, then.
You feel a strong urge to attack something.
You feel sick.
You feel your anger subside.
You are no longer berserk.
You pass out from exhaustion.
You feel yourself slow down.
You are feeling hungry.
You feel sick.
You feel sick. x2
You can move again.
You feel sick.
There is a stone staircase leading down here.
You feel sick.
You feel sick.
You feel sick.
Eat which item? (? for menu, Esc to quit)
Okay, then.
You feel sick.
You feel sick.
You feel sick.
Items here: )))) [[[[ You feel sick.
An ogre comes into view. It is wielding a giant spiked club.
The ogre shouts!
A ball python skeleton comes into view.
You feel sick.
Found 26 arrows and a whip.
You feel sick.
The ogre hits you with a giant spiked club!!
Ouch! That really hurt!
You die...

You could see an ogre and a ball python skeleton (wandering).

Vanquished Creatures
  An orc wizard (D:4)
  An adder skeleton (D:4)
  A dart slug (D:2)
  4 orcs (D:4)
  2 goblins
  2 hobgoblins (D:2)
  A bat (D:2)
  A kobold (D:2)
  2 rats (D:2)
15 creatures vanquished.

Action                   || total
-------------------------++-------
Melee: Unarmed           ||    29
Invok: Berserk           ||     1
Armor: Animal skin       ||     9
Dodge: Dodged            ||    11

Vault maps used:
D:1:      lightli_molten_gateway
D:3:      zin_purify, uniq_grinder, uniq_natasha
D:4:      kennysheep_mini, first_bread
